 Dungeon Crawl Stone Soup version 0.23.0 (webtiles) character file.

Game seed: 12859788335493865223

1531337 grisnicke the Missionary (level 27, 205/260 HPs)
             Began as a Hill Orc Conjurer on Feb 13, 2019.
             Was a Priest of Beogh.
             Escaped with the Orb
             ... and 3 runes on Feb 15, 2019!
             The game lasted 06:16:38 (83212 turns).

grisnicke the Missionary (Hill Orc Conjurer)       Turns: 83212, Time: 06:16:39

Health: 205/260    AC: 37    Str: 24    XL:     27
Magic:  39/39      EV: 15    Int: 19    God:    Beogh [***...]
Gold:   5240       SH: 29    Dex: 18    Spells: 28/29 levels left

rFire    + + .     SeeInvis .   a - +9 broad axe (freeze)
rCold    + + .     Gourm    .   E - +0 large shield
rNeg     + . .     Faith    .   U - +10 gold dragon scales
rPois    +         Spirit   .   O - +1 helmet (curse)
rElec    +         Reflect  +   Y - scarf {rC+ rF+}
rCorr    +         Harm     .   j - +1 pair of gloves
MR       ++++.     Clarity  +   W - +2 pair of boots of Cloud Cover {rCorr Int+4 Dex+5}
Stlth    ..........             N - +5 amulet of reflection
HPRegen  0.53/turn              Q - ring of Moinel {rCorr rElec rN+ MR+}
MPRegen  0.26/turn              m - ring of protection from magic

@: glowing
A: agile 1, blurry vision 1, clarity, deformed body, screaming 1, MP-powered
wands
0: Orb of Zot
}: 3/15 runes: serpentine, barnacled, silver
a: Smiting, Renounce Religion


You escaped.
You worshipped Beogh.
Beogh was most pleased with you.
You were full.

You visited 8 branches of the dungeon, and saw 46 of its levels.
You also visited: Bailey and Volcano.

You collected 7190 gold pieces.
You spent 1950 gold pieces at shops.

Inventory:

Hand Weapons
 a - a +9 broad axe of freezing (weapon)
Missiles
 C - 3 throwing nets (quivered)
Armour
 j - a +1 pair of gloves (worn)
 E - a +0 large shield (worn)
 O - a cursed +1 helmet (worn)
 U - +10 gold dragon scales (worn)
 W - the +2 pair of boots of Cloud Cover (worn) {rCorr Int+4 Dex+5}
   (You found it on level 10 of the Dungeon)

   It affects your intelligence (+4).
   It affects your dexterity (+5).
   It provides partial protection from all sources of acid and corrosion.
 Y - a scarf of resistance (worn)
Jewellery
 c - an uncursed ring of protection from cold
 m - a ring of protection from magic (right hand)
 v - a +4 ring of evasion
 I - the ring "Cayshol" {rF+ Dex+3}
   (You found it on level 4 of the Shoals)

   [ring of protection from fire]

   It affects your dexterity (+3).
   It protects you from fire.
 N - a +5 amulet of reflection (around neck)
 Q - the ring of Moinel (left hand) {rCorr rElec rN+ MR+}
   (You found it on level 5 of the Depths)

   [ring of resist corrosion]

   It insulates you from electricity.
   It protects you from negative energy.
   It affects your resistance to hostile enchantments.
 S - the ring of Xefeps {Dex+2 Slay+6}
   (You found it on level 5 of the Vaults)

   [ring of slaying]

   It affects your dexterity (+2).
   It affects your accuracy and damage with ranged weapons and melee attacks
   (+6).
Wands
 A - a wand of clouds (3)
 H - a wand of acid (71)
 J - a wand of scattershot (12)
 T - a wand of digging (18)
 V - a wand of iceblast (27)
 X - a wand of paralysis (17)
Scrolls
 b - 3 scrolls of holy word
 p - 8 scrolls of fog
 r - 10 scrolls of identify
 t - 25 scrolls of teleportation
 z - 25 scrolls of remove curse
 K - 2 scrolls of fear
 L - 10 scrolls of blinking
 R - 2 scrolls of summoning
Potions
 d - 2 potions of might
 g - 5 potions of flight
 h - 5 potions of haste
 k - 3 potions of mutation
 l - 2 potions of invisibility
 n - 3 potions of cancellation
 q - 16 potions of curing
 s - 6 potions of agility
 w - 6 potions of heal wounds
 B - 9 potions of lignification
 D - 7 potions of resistance
 M - 6 potions of ambrosia
 P - 9 potions of berserk rage
Miscellaneous
 f - 2 phantom mirrors
 G - a phial of floods
 Z - 2 boxes of beasts
Comestibles
 e - 58 rations


   Skills:
 + Level 23.6 Fighting
 - Level 18.0 Axes
 + Level 21.1 Armour
 * Level 17.8 Dodging
 - Level 1.5 Stealth
 - Level 20.9 Shields
 - Level 1.5 Spellcasting
 - Level 4.0 Conjurations
 + Level 25.0 Invocations


You had 28 spell levels left.
You knew the following spells:

 Your Spells              Type           Power        Failure   Level  Hunger
a - Magic Dart            Conj           ###.         65%         1    ##.....

Your spell library contained the following spells:

 Spells                   Type           Power        Failure   Level  Hunger
 Searing Ray              Conj           ###...       78%         2    ###....
 Flame Tongue             Conj/Fire      #....        89%         1    ##.....
 Sting                    Conj/Pois      #...         89%         1    ##.....
 Throw Flame              Conj/Fire      #.....       96%         2    ###....
 Animate Skeleton         Necr           N/A          99%         1    ##.....
 Apportation              Tloc           #.....       99%         1    ##.....
 Beastly Appendage        Tmut           #.....       99%         1    ##.....
 Confusing Touch          Hex            #.....       99%         1    ##.....
 Corona                   Hex            #......      99%         1    ##.....
 Infusion                 Chrm           #...         99%         1    ##.....
 Pain                     Necr           #...         99%         1    ##.....
 Summon Butterflies       Summ           #.......     99%         1    ##.....
 Summon Small Mammal      Summ           #...         99%         1    ##.....
 Conjure Flame            Conj/Fire      #.......     99%         3    ####...
 Dazzling Spray           Conj/Hex       #.....       99%         3    ####...
 Call Imp                 Summ           #.......     100%        2    ###....
 Corpse Rot               Necr           N/A          100%        2    ###....
 Ensorcelled Hibernation  Hex/Ice        #.....       100%        2    ###....
 Poisonous Vapours        Pois/Air       #.....       100%        2    ###....
 Shroud of Golubria       Chrm/Tloc      #.........   100%        2    ###....
 Slow                     Hex            #.......     100%        2    ###....
 Song of Slaying          Chrm           #.......     100%        2    ###....
 Sticks to Snakes         Tmut           #.......     100%        2    ###....
 Sublimation of Blood     Necr           #.........   100%        2    ###....
 Call Canine Familiar     Summ           #.......     100%        3    ####...
 Confuse                  Hex            #.......     100%        3    ####...
 Ignite Poison            Fire/Tmut/Pois #.......     100%        3    ####...
 Inner Flame              Hex/Fire       #.......     100%        3    ####...
 Mephitic Cloud           Conj/Pois/Air  #.......     100%        3    ####...
 Portal Projectile        Hex/Tloc       #.....       100%        3    ####...
 Recall                   Summ/Tloc      N/A          100%        3    ####...
 Regeneration             Chrm/Necr      #.........   100%        3    ####...
 Spectral Weapon          Hex/Chrm       #.......     100%        3    ####...
 Spider Form              Tmut/Pois      #.........   100%        3    ####...
 Summon Guardian Golem    Hex/Summ       #.......     100%        3    ####...
 Tukima's Dance           Hex            #.......     100%        3    ####...
 Vampiric Draining        Necr           #.........   100%        3    ####...
 Animate Dead             Necr           N/A          100%        4    #####..
 Cause Fear               Hex            #.........   100%        4    #####..
 Force Lance              Conj/Tloc      #.......     100%        4    #####..
 Fulminant Prism          Conj/Hex       #.........   100%        4    #####..
 Ice Form                 Ice/Tmut       #.......     100%        4    #####..
 Iskenderun's Mystic Bla  Conj           ###.....     100%        4    #####..
 Leda's Liquefaction      Hex/Erth       #.........   100%        4    #####..
 Olgreb's Toxic Radiance  Pois           #.......     100%        4    #####..
 Petrify                  Tmut/Erth      #.......     100%        4    #####..
 Sticky Flame             Conj/Fire      #.......     100%        4    #####..
 Summon Ice Beast         Ice/Summ       #.......     100%        4    #####..
 Summon Lightning Spire   Summ/Air       #.......     100%        4    #####..
 Agony                    Necr           #.......     100%        5    ######.
 Alistair's Intoxication  Tmut/Pois      #.......     100%        5    ######.
 Aura of Abjuration       Summ           #.........   100%        5    ######.
 Blade Hands              Tmut           #.........   100%        5    ######.
 Bolt of Draining         Conj/Necr      #.........   100%        5    ######.
 Bolt of Magma            Conj/Fire/Erth #.........   100%        5    ######.
 Borgnjor's Vile Clutch   Necr/Erth      #.........   100%        5    ######.
 Dispel Undead            Necr           #.......     100%        5    ######.
 Excruciating Wounds      Chrm/Necr      #.........   100%        5    ######.
 Fireball                 Conj/Fire      #.........   100%        5    ######.
 Irradiate                Conj/Tmut      #.........   100%        5    ######.
 Iskenderun's Battlesphe  Conj/Chrm      #.......     100%        5    ######.
 Metabolic Englaciation   Hex/Ice        #.........   100%        5    ######.
 Silence                  Hex/Air        #.........   100%        5    ######.
 Summon Demon             Summ           #.........   100%        5    ######.
 Summon Forest            Summ/Tloc      #.........   100%        5    ######.
 Summon Mana Viper        Hex/Summ       #.......     100%        5    ######.
 Venom Bolt               Conj/Pois      #.........   100%        5    ######.
 Yara's Violent Unravell  Hex/Tmut       #.........   100%        5    ######.
 Bolt of Cold             Conj/Ice       #.........   100%        6    #######
 Darkness                 Hex            #.........   100%        6    #######
 Death Channel            Necr           #.........   100%        6    #######
 Deflect Missiles         Chrm/Air       #.........   100%        6    #######
 Freezing Cloud           Conj/Ice/Air   #.........   100%        6    #######
 Hydra Form               Tmut           #.........   100%        6    #######
 Iron Shot                Conj/Erth      #.........   100%        6    #######
 Ozocubu's Refrigeration  Ice            #.........   100%        6    #######
 Shadow Creatures         Summ           N/A          100%        6    #######
 Simulacrum               Ice/Necr       #.........   100%        6    #######
 Statue Form              Tmut/Erth      #........    100%        6    #######
 Dragon Form              Tmut           #.........   100%        7    #######
 Malign Gateway           Summ/Tloc      #.........   100%        7    #######
 Orb of Destruction       Conj           ###.......   100%        7    #######
 Ring of Flames           Chrm/Fire      #.........   100%        7    #######
 Spellforged Servitor     Conj/Summ      #.........   100%        7    #######
 Summon Hydra             Summ           #.........   100%        7    #######
 Discord                  Hex            #.........   100%        8    #######


Dungeon Overview and Level Annotations

Branches:
Dungeon (15/15)            Temple (0/1) D:5            Lair (6/6) D:9
 Shoals (4/4) Lair:3        Snake (4/4) Lair:2        Slime (0/5) Lair:6
    Orc (2/2) D:12            Elf (0/3) Orc:2        Vaults (5/5) D:13
  Crypt (0/3) Vaults:2     Depths (5/5) D:15            Zot (5/5) Depths:5

Altars:
Dithmenos
Elyvilon
Gozag
Hepliaklqana
Okawaru
Sif Muna
Trog
Vehumet
Xom
The Shining One
Jiyva

Shops:
D:4 (   D:10 *   D:13 (   Orc:2 =[**(   Snake:3 *   Vaults:1 (   Vaults:2 *
Depths:4 [

Portals:
Hell: Depths:1 Depths:2 Depths:3 Depths:4 Depths:5
Abyss: Depths:2 Depths:4 Depths:5
Pandemonium: Depths:1 Depths:3 Depths:4
Ziggurat: Depths:2
Trove: D:10 (give +3 storm dragon scales)

Annotations:
D:14 2 runed translucent doors, Arthanis's ghost, journeyman GrBe
Lair:5 3 runed translucent doors, Arum's ghost, adept FoFi
Snake:1 1 runed translucent door
Snake:2 exclusion: Roxanne, Roxanne
Vaults:1 1 runed translucent door, Anosyof's ghost, adept CeHu


Innate Abilities, Weirdness & Mutations

You are agile. (Dex +2)
Scrolls take you a little longer to read.
You possess an exceptional clarity of mind.
Armour fits poorly on your strangely shaped body.
You occasionally shout uncontrollably at your foes.
You expend magic power (3 MP) to strengthen your wands.


Message History

(P) Snake Pit (M) Slime Pits (O) Orcish Mines (E) Elven Halls (V) Vaults (C) Crypt (U) Depths (H) Hell (Z) Zot
Where to? (Enter - D:1 @ (x,y), ? - help)
What level of the Dungeon? (default 1, ? - help)
There is an open door here.
There is an open door here.
There is a stone staircase leading up here.
You climb upwards.
There is a stone staircase leading down here.
There is a stone staircase leading up here.
You climb upwards.
There is a stone staircase leading down here.
There is a stone staircase leading up here.
You climb upwards.
There is a stone staircase leading down here.
A daeva comes into view.
It is wielding a +5 scimitar of holy wrath.
There is a staircase leading out of the dungeon here.
Unknown command.
You have escaped!

...# #.##...# .#รท########
#.###..# ..#.......# #.###..#
.##.......# #......# ###.......#
#####.## #.......# #.....# #
#.......# #.##### # #.......#
#.#### #
#############>@########## #
#......................# #
#...##..##......##..##.# #
#......................# #
#...######.A....######.# #
#......................#
####.####################.#######
..........#..##.....#####........
#####).##.#..##....)....##.#####.


You could see a daeva.

Vanquished Creatures
  An ancient lich (Vaults:5)
  8 orbs of fire (Zot:5)
  Sojobo (Vaults:3)
  Margery (Vaults:3)
  2 caustic shrikes
  A shard shrike (Zot:5)
  3 Killer Klowns
  A pandemonium lord (D:5)
  A curse toe (Zot:5)
  Nikola (Snake:3)
  7 golden dragons
  2 Brimstone Fiends
  4 electric golems
  2 liches
  17 tentacled monstrosities
  26 Orb Guardians
  6 titans
  Asterion (Snake:3)
  6 quicksilver dragons
  A sphinx (Vaults:5)
  3 death cobs
  Frances (Shoals:1)
  5 tengu reavers
  7 shadow dragons
  5 draconian monks
  23 storm dragons
  2 nagarajas (Snake:4)
  A draconian knight (Zot:5)
  A deep elf sorcerer (Vaults:4)
  2 ghost moths
  3 fire giants
  2 balrugs
  3 frost giants
  14 vault wardens
  8 draconian scorchers
  An orc warlord (Orc:2)
  A deep elf elementalist (Vaults:5)
  A spriggan defender (Depths:4)
  10 ironheart preservers
  12 stone giants
  8 draconian shifters
  3 draconian stormcallers
  A war gargoyle (Vaults:5)
  4 draconian annihilators
  11 very ugly things
  3 vampire knights
  Nessos (Lair:5)
  13 black draconians
  Azrael (D:13)
  17 green draconians
  12 red draconians
  2 deep elf demonologists
  6 yellow draconians
  2 deep elf annihilators
  A spark wasp (Depths:2)
  15 purple draconians
  7 white draconians
  9 ettins
  2 merfolk javelineers
  Josephine (D:12)
  A deep elf death mage (Depths:5)
  2 deep elf high priests
  2 merfolk impalers (Shoals:2)
  7 fire dragons
  7 great orbs of eyes
  6 ogre magi
  5 vault guards
  12 yaktaur captains
  Fannar (D:10)
  Harold (D:7)
  5 hydras
  3 rakshasas
  7 naga warriors
  A hell beast (D:10)
  4 spriggan air magi
  4 centaur warriors
  4 merfolk avatars
  11 anacondas
  5 ice dragons
  A death knight (Vaults:4)
  41 two-headed ogres
  5 tengu warriors
  4 merfolk aquamancers
  5 deep troll earth magi
  Urug (D:13)
  2 orc high priests (Orc:2)
  5 deep troll shamans
  7 hell knights
  3 sun demons
  A spriggan berserker (Depths:2)
  7 shock serpents
  4 deep elf knights (Vaults:4)
  6 naga sharpshooters
  3 iron trolls
  8 sea snakes
  3 sixfirhies
  3 skeletal warriors (D:15)
  A salamander mystic (Snake:3)
  A sea snake (shapeshifter) (Vaults:5)
  6 unseen horrors
  2 torturous demonspawn (Zot:5)
  3 wizards
  21 deep trolls
  7 deep elf archers
  2 glowing orange brains
  4 flayed ghosts
  11 ironbrand convokers
  Pikel (D:8)
  3 naga ritualists
  6 orc knights
  14 deep elf magi
  An orange crystal statue (Depths:1)
  6 necromancers
  An orb spider (shapeshifter) (Vaults:2)
  A fire giant zombie (Vaults:4)
  10 harpies
  An orc sorcerer (Volcano)
  4 mana vipers
  A human zombie (Vaults:1)
  A cyclops (shapeshifter) (Depths:5)
  2 fauns (Shoals:2)
  13 ugly things
  6 cyclopes
  6 elephants
  6 salamanders
  6 large abominations (Depths:2)
  10 manticores
  25 moths of wrath
  3 merfolk sirens
  3 guardian serpents (Snake:4)
  12 naga magi
  A rust devil (Depths:4)
  Psyche (D:11)
  A smoke demon (Volcano)
  5 vault sentinels
  4 water nymphs
  14 black mambas
  A storm dragon simulacrum (Vaults:2)
  11 spiny frogs
  An eye of devastation (shapeshifter) (Vaults:5)
  A rime drake (Lair:3)
  16 yaktaurs
  A komodo dragon (shapeshifter) (Vaults:3)
  4 freezing wraiths
  2 efreet
  A komodo dragon (Lair:5)
  A kobold demonologist (D:14)
  8 merfolk
  A red devil (Depths:3)
  4 tengu conjurers
  3 human skeletons
  3 hornets
  4 trolls
  A wind drake (Shoals:4)
  A hornet (shapeshifter) (Vaults:5)
  A jumping spider (shapeshifter) (Vaults:4)
  A raiju (shapeshifter) (Vaults:3)
  9 dream sheep
  9 blink frogs
  4 snapping turtles
  5 hippogriffs
  A shadow (D:13)
  A slime creature (shapeshifter) (Depths:4)
  19 slime creatures
  A meliai zombie (D:9)
  A ynoxinul (Depths:1)
  A tarantella (shapeshifter) (D:13)
  17 water elementals
  4 wraiths
  17 yaks
  4 chaos spawn
  A spriggan (shapeshifter) (Vaults:2)
  A fire elemental (D:13)
  A human (D:13)
  2 basilisks (Lair:3)
  3 neqoxecs
  3 small abominations (Depths:2)
  A steam dragon (D:14)
  3 vampire mosquitoes (Lair:5)
  Edmund (D:6)
  38 nagas
  2 wargs
  3 acid dragons
  A soldier ant (D:13)
  9 water moccasins
  5 porcupines
  A floating eye (Depths:2)
  A hell hound (Volcano)
  11 orc warriors
  2 phantoms
  A sky beast (D:9)
  3 ice beasts
  A slave (D:8)
  A necrophage (D:11)
  An ettin simulacrum (Vaults:2)
  An eye of draining (D:12)
  2 wolves (Lair:3)
  23 ogres
  10 boggarts
  17 centaurs
  4 crocodiles
  4 big kobolds
  26 bullfrogs
  A scorpion (shapeshifter) (Vaults:5)
  4 scorpions
  3 killer bees
  5 wights
  4 electric eels
  A howler monkey (D:5)
  2 bullfrog zombies
  4 crimson imps
  2 human simulacra
  4 centaur zombies
  2 jellies
  A quasit (D:6)
  A hound (D:6)
  3 orc priests
  13 orc wizards
  5 centaur skeletons
  2 bullfrog skeletons
  4 iguanas
  12 worker ants
  A hound skeleton (D:5)
  A worker ant zombie (D:9)
  9 gnolls
  16 adders
  A shadow imp (D:5)
  2 oozes
  5 worms
  2 dart slugs
  4 leopard geckos
  36 orcs
  A ball python (D:5)
  2 bats
  3 giant cockroaches
  13 goblins
  7 hobgoblins
  8 jackals
  9 quokkas
  3 frilled lizards
  A giant cockroach zombie (D:5)
  23 kobolds
  A leopard gecko zombie (D:5)
  6 rats
  14 bushes
  3 fungi
  50 plants
1375 creatures vanquished.

Vanquished Creatures (collateral kills)
  Mennas (Vaults:4)
  An orb of fire (Zot:5)
  2 juggernauts (Depths:2)
  Frederick (Vaults:4)
  Saint Roka (Snake:4)
  A golden dragon (Depths:5)
  2 liches
  A bone dragon (Depths:5)
  2 pandemonium lords
  4 titans
  10 tentacled monstrosities
  A quicksilver dragon (Zot:2)
  3 death cobs (Zot:4)
  3 storm dragons
  3 sphinxes
  8 tengu reavers
  8 shadow dragons
  3 nagarajas
  2 draconian knights (Zot:4)
  4 frost giants
  An orc warlord (Vaults:3)
  3 fire giants
  Louise (Snake:3)
  A balrug (Depths:3)
  2 iron dragons
  A cacodemon (Depths:4)
  3 vault wardens
  3 draconian shifters
  2 war gargoyles (Vaults:4)
  A draconian stormcaller (Zot:2)
  4 ironheart preservers
  A draconian annihilator (Zot:2)
  2 very ugly things
  7 stone giants
  A black draconian (Zot:4)
  3 red draconians (Zot:4)
  A green draconian (Zot:4)
  2 white draconians
  2 purple draconians
  A yellow draconian (Zot:4)
  An eidolon (Vaults:2)
  2 jiangshi
  2 merfolk impalers (Shoals:4)
  5 ettins
  A deep elf high priest (Depths:5)
  A merfolk javelineer (Shoals:4)
  5 yaktaur captains
  4 great orbs of eyes
  5 fire dragons
  5 ice dragons
  2 hydras
  3 rakshasas
  24 vault guards
  8 naga warriors
  A spriggan air mage (Depths:2)
  A two-headed ogre (shapeshifter) (Vaults:3)
  2 death knights
  A merfolk aquamancer (Shoals:4)
  5 centaur warriors
  5 deep troll shamans
  7 anacondas
  22 two-headed ogres
  A tengu warrior (Depths:1)
  11 ogre magi
  6 deep troll earth magi
  A soul eater (Depths:1)
  A shock serpent (Snake:2)
  6 hell knights
  A sun demon (Depths:5)
  5 naga sharpshooters
  A titan skeleton (Vaults:4)
  A deep elf knight (Vaults:2)
  2 iron trolls (Depths:5)
  Nergalle (D:10)
  15 deep trolls
  2 sixfirhies
  A wizard (Vaults:3)
  2 naga ritualists
  11 sea snakes
  A deep troll (shapeshifter) (Depths:2)
  2 unseen horrors
  3 skeletal warriors
  2 glowing orange brains
  A death drake (shapeshifter) (Vaults:5)
  8 deep elf archers
  2 phantasmal warriors (Depths:3)
  12 orc knights
  7 harpies
  4 mana vipers
  12 deep elf magi
  5 ironbrand convokers
  2 wolf spiders
  2 cyclopes
  A faun (Shoals:2)
  6 manticores
  3 orc sorcerers (Orc:2)
  8 salamanders
  6 ugly things
  9 elephants
  Maurice (D:10)
  5 guardian serpents
  4 moths of wrath
  3 merfolk sirens (Shoals:4)
  A black mamba (shapeshifter) (Vaults:4)
  7 vault sentinels
  2 water nymphs (Shoals:4)
  A centaur zombie (D:12)
  5 naga magi
  A guardian serpent (shapeshifter) (Vaults:3)
  13 black mambas
  A centaur skeleton (D:15)
  An orange demon (Depths:4)
  22 spiny frogs
  2 rime drakes
  10 yaktaurs
  4 freezing wraiths
  A redback zombie (D:15)
  4 komodo dragons
  3 tengu conjurers
  12 merfolk
  3 trolls
  A wind drake (Shoals:4)
  3 tyrant leeches (Lair:6)
  3 hornets
  10 slime creatures
  A human simulacrum (Vaults:2)
  12 blink frogs
  10 snapping turtles
  5 dream sheep
  A redback (shapeshifter) (Depths:5)
  A dream sheep (shapeshifter) (Vaults:3)
  4 hippogriffs
  2 large abominations (Depths:2)
  2 shadows
  A centaur simulacrum (D:15)
  4 water elementals
  A wyvern (Lair:2)
  5 wraiths
  19 yaks
  A fire elemental (D:13)
  2 hungry ghosts
  A basilisk (shapeshifter) (Vaults:4)
  2 basilisks
  A neqoxec (D:12)
  3 vampire mosquitoes
  3 wargs
  An acid dragon (D:12)
  20 nagas
  4 hell hounds (D:13)
  5 water moccasins
  5 porcupines
  17 orc warriors
  A sky beast (D:10)
  A phantom (D:11)
  A hornet zombie (D:15)
  3 eyes of draining
  An ice beast (D:14)
  7 centaurs
  7 wolves (Lair:3)
  A boggart (D:15)
  13 ogres
  6 crocodiles
  A human zombie (Vaults:4)
  2 big kobolds
  7 bullfrogs
  A scorpion (D:13)
  2 killer bees (D:10)
  3 wights
  2 crimson imps
  A jelly (D:15)
  2 hounds
  4 orc priests
  An orc wizard (Vaults:3)
  2 worker ants
  An iguana (D:9)
  A worker ant zombie (D:10)
  3 gnolls
  A shadow imp (D:13)
  A leopard gecko (D:10)
  10 orcs
  A goblin (D:10)
  A jackal (D:11)
  4 kobolds (D:11)
  A quokka (D:10)
  5 bushes (Depths:3)
  15 fungi
  44 plants
792 creatures vanquished.

Vanquished Creatures (others)
  A tentacled monstrosity (D:5)
  A draconian knight (Zot:1)
  3 stone giants
  An ettin (Vaults:5)
  A merfolk javelineer (Shoals:3)
  A yaktaur captain (Vaults:5)
  A spriggan air mage (Depths:2)
  3 two-headed ogres (Vaults:4)
  16 orc knights
  A satyr (Shoals:3)
  A vampire mage (Depths:2)
  4 orc high priests
  A deep elf archer (Depths:5)
  7 orc sorcerers
  A cyclops (D:13)
  A manticore (D:13)
  An orange demon (Depths:1)
  7 yaktaurs
  26 orc warriors
  2 slaves (D:8)
  A boggart (Depths:3)
  5 centaurs
  A scorpion (D:8)
  A killer bee (D:8)
  11 orc wizards
  13 orc priests
  A centaur skeleton (D:8)
  66 orcs
  A giant cockroach (D:8)
  A kobold (D:14)
  15 fungi
  34 plants
230 creatures vanquished.

Grand Total: 2397 creatures vanquished

Notes
Turn   | Place    | Note
-------+----------+-------------------------------------------
     0 | D:1      | grisnicke the Hill Orc Conjurer began the quest for the
                  | Orb.
     0 | D:1      | Reached XP level 1. HP: 14/14 MP: 3/3
   181 | D:1      | Reached skill level 1 in Fighting
   337 | D:1      | Reached XP level 2. HP: 23/23 MP: 0/4
  1262 | D:2      | Reached XP level 3. HP: 29/29 MP: 5/5
  1785 | D:2      | Reached XP level 4. HP: 35/37 MP: 6/6
  2726 | D:3      | Found an iron altar of Okawaru.
  2747 | D:3      | Reached skill level 1 in Axes
  2747 | D:3      | Reached XP level 5. HP: 26/45 MP: 7/7
  3338 | D:3      | Found an opulent altar of Gozag.
  3745 | D:4      | Got a translucent bone amulet
  3756 | D:4      | Identified the amulet "Pacuff" {Spirit rPois} (You found it
                  | on level 4 of the Dungeon)
  3874 | D:4      | Found Hutifir's Antique Weapon Emporium.
  4047 | D:4      | Became a worshipper of Beogh the Brigand
  4068 | D:4      | Reached skill level 1 in Shields
  4068 | D:4      | Reached XP level 6. HP: 43/51 MP: 6/8
  4219 | D:4      | Reached skill level 5 in Axes
  4607 | D:4      | Found a radiant altar of Vehumet.
  4722 | D:4      | Reached XP level 7. HP: 33/57 MP: 5/9
  5162 | D:5      | Entered Level 5 of the Dungeon
  5272 | D:5      | Reached * piety under Beogh
  5330 | D:5      | Found a staircase to the Ecumenical Temple.
  5371 | D:5      | Found a deep blue altar of Sif Muna.
  6117 | D:6      | Noticed Edmund
  6403 | D:6      | Reached XP level 8. HP: 63/63 MP: 8/10
  6476 | D:6      | Killed Edmund
  6587 | D:6      | Found a shimmering altar of Xom.
  7389 | D:6      | Reached skill level 10 in Axes
  7508 | D:7      | Noticed Harold
  8031 | D:7      | Reached skill level 5 in Shields
  8037 | D:7      | Reached XP level 9. HP: 49/70 MP: 6/11
  8268 | D:7      | Reached ** piety under Beogh
  8304 | D:7      | Found a white marble altar of Elyvilon.
  8381 | D:7      | Killed Harold
  8923 | D:7      | Reached skill level 1 in Invocations
  8925 | D:7      | HP: 1/105 [orc wizard/+0 dagger of electrocution (15)]
  9556 | D:8      | Noticed Pikel
  9571 | D:8      | Killed Pikel
  9571 | D:8      | Reached skill level 2 in Invocations
  9571 | D:8      | Reached XP level 10. HP: 53/77 MP: 10/12
  9688 | D:8      | Found a glowing golden altar of the Shining One.
  9714 | D:8      | Reached skill level 3 in Invocations
 10172 | D:8      | Found a hazy altar of Hepliaklqana.
 10460 | D:9      | Reached skill level 4 in Invocations
 10477 | D:9      | Noticed a two-headed ogre
 10485 | D:9      | Killed a two-headed ogre
 10673 | D:9      | Found a staircase to the Lair.
 10775 | D:9      | Reached skill level 5 in Invocations
 10900 | D:9      | Reached *** piety under Beogh
 11033 | D:9      | Reached skill level 15 in Axes
 11318 | D:9      | Noticed a two-headed ogre
 11326 | D:9      | Killed a two-headed ogre
 11326 | D:9      | Reached skill level 6 in Invocations
 11326 | D:9      | Reached XP level 11. HP: 73/82 MP: 12/15
 11348 | D:9      | Identified the Reference Book on the Entourage
 12081 | D:10     | Entered Level 10 of the Dungeon
 12099 | D:10     | Found a portal to a secret trove of treasure.
 12175 | D:10     | Found a flagged portal.
 12195 | Bailey   | Entered a bailey
 12487 | Bailey   | Noticed an orc knight
 12488 | Bailey   | Noticed an orc knight
 12499 | Bailey   | Killed an orc knight
 12501 | Bailey   | Killed an orc knight
 12503 | Bailey   | Reached **** piety under Beogh
 12681 | Bailey   | Reached skill level 1 in Armour
 12681 | Bailey   | Reached skill level 7 in Invocations
 12682 | Bailey   | Noticed an orc knight
 13060 | D:9      | Killed an unseen horror
 13158 | D:10     | Noticed a two-headed ogre
 13165 | D:10     | Killed a two-headed ogre
 13353 | D:10     | Noticed a two-headed ogre
 13363 | D:10     | Killed a two-headed ogre
 13363 | D:10     | Reached skill level 5 in Fighting
 13522 | D:10     | Noticed Nergalle
 13529 | D:10     | Killed Nergalle
 13810 | D:10     | Noticed Maurice
 13838 | D:10     | Killed Maurice
 13943 | D:10     | Noticed Fannar
 13957 | D:10     | Killed Fannar
 13957 | D:10     | Reached skill level 8 in Invocations
 14015 | D:10     | Got a pair of dazzling boots
 14267 | D:10     | Found Juha's General Store.
 14275 | D:10     | Bought a scroll of blinking for 105 gold pieces
 14275 | D:10     | Bought a scroll of fog for 28 gold pieces
 14275 | D:10     | Bought a scroll of magic mapping for 49 gold pieces
 14861 | D:11     | Identified the +2 pair of boots of Cloud Cover {rCorr Int+4
                  | Dex+5} (You found it on level 10 of the Dungeon)
 14992 | D:11     | Noticed Psyche
 14995 | D:11     | Killed Psyche
 14995 | D:11     | Reached skill level 10 in Shields
 15001 | D:11     | Reached XP level 12. HP: 94/100 MP: 8/18
 15276 | Lair:1   | Entered Level 1 of the Lair of Beasts
 15293 | Lair:1   | Noticed a seven-headed hydra
 15299 | Lair:1   | Killed a five-headed hydra
 15571 | Lair:1   | Noticed an eight-headed hydra
 15576 | Lair:1   | Killed an eight-headed hydra
 15576 | Lair:1   | Reached skill level 9 in Invocations
 16030 | Lair:2   | Found a staircase to the Snake Pit.
 16186 | Lair:2   | Noticed a five-headed hydra
 16194 | Lair:2   | Killed a two-headed hydra
 16194 | Lair:2   | Reached skill level 5 in Armour
 17517 | Lair:3   | Gained Hawl as an ally
 17532 | Lair:3   | Reached skill level 10 in Invocations
 17679 | Lair:3   | Found a staircase to the Shoals.
 17740 | Lair:3   | Noticed a seven-headed hydra
 17749 | Lair:3   | Killed a four-headed hydra
 17897 | Lair:3   | Reached XP level 13. HP: 104/112 MP: 18/20
 18071 | Lair:3   | Reached ***** piety under Beogh
 18933 | Lair:4   | Reached skill level 10 in Fighting
 18990 | Lair:4   | Reached skill level 11 in Invocations
 19835 | Lair:4   | Gained Wargrak as an ally
 19890 | Lair:5   | You fall through a shaft!
 19890 | Lair:6   | Entered Level 6 of the Lair of Beasts
 19895 | Lair:5   | Noticed Arum's ghost (adept FoFi)
 19897 | Lair:5   | Identified the +7 glaive of Pulela {holy, MR+ Str-2 SInv}
 19897 | Lair:5   | Noticed a minotaur
 19993 | Lair:5   | Noticed Nessos
 19999 | Lair:5   | Killed Nessos
 20162 | Lair:5   | Found a runed translucent gate.
 20162 | Lair:5   | Found a runed translucent gate.
 20162 | Lair:5   | Found a runed translucent gate.
 20761 | Lair:5   | Reached skill level 12 in Invocations
 21725 | Lair:6   | Found a viscous altar of Jiyva.
 21725 | Lair:6   | Found a staircase to the Slime Pits.
 21786 | Lair:6   | Reached skill level 13 in Invocations
 21802 | Lair:6   | Reached XP level 14. HP: 118/124 MP: 23/23
 21820 | Lair:6   | Gained Brunolf as an ally
 22266 | Lair:6   | Reached ****** piety under Beogh
 22938 | D:12     | Found a staircase to the Orcish Mines.
 22956 | D:12     | Gained Arbeogh as an ally
 23211 | D:4      | Bought a runed demon trident for 486 gold pieces
 23749 | D:12     | Found a bloodstained altar of Trog.
 23966 | Orc:1    | Entered Level 1 of the Orcish Mines
 24398 | Orc:2    | Entered Level 2 of the Orcish Mines
 24406 | Orc:2    | Found Ysholays's Antique Weapon Boutique.
 24445 | Orc:2    | Noticed an orc warlord
 24451 | Orc:2    | Killed an orc warlord
 24451 | Orc:2    | Gained Learuk as an ally
 24451 | Orc:2    | Reached skill level 14 in Invocations
 24451 | Orc:2    | Gained Gorbash as an ally
 24504 | Orc:2    | Found a dark tunnel.
 24515 | Volcano  | Entered a volcano
 24962 | Orc:2    | Found a staircase to the Elven Halls.
 25026 | Orc:2    | Found Epist's General Store.
 25289 | Orc:2    | Found Xiutwim's General Store.
 25350 | Orc:2    | Found Upparis's Antique Armour Emporium.
 25379 | Orc:2    | Found a radiant altar of Vehumet.
 25387 | Orc:2    | Found Cazxoegi's Jewellery Boutique.
 25661 | Orc:2    | Bought a pair of brightly glowing boots for 342 gold pieces
 25693 | Orc:2    | Bought a potion of invisibility for 80 gold pieces
 25693 | Orc:2    | Bought a potion of resistance for 100 gold pieces
 25719 | Orc:2    | Bought a glowing war axe for 214 gold pieces
 25732 | Orc:2    | Identified the +0 pair of boots of Peum {rF+ MR- Regen+
                  | Dex+4} (You bought it in a shop on level 2 of the Orcish
                  | Mines)
 25802 | D:13     | Noticed Josephine
 25888 | D:12     | Killed Josephine
 26212 | D:13     | Found Hygrodenk's Weapon Shoppe.
 26246 | D:13     | Noticed Azrael
 26253 | D:13     | Killed Azrael
 26743 | D:13     | Noticed Urug
 26754 | D:13     | Killed Urug
 26765 | D:13     | Identified a scroll of acquirement
 26767 | D:13     | Found the +14 obsidian axe {chop, +Fly SInv *Curse}
 27089 | D:13     | Reached skill level 15 in Invocations
 27097 | D:13     | Got a shimmering trident
 27111 | D:13     | Reached skill level 10 in Armour
 27562 | D:13     | Found a gate to the Vaults.
 27575 | D:13     | Reached XP level 15. HP: 118/134 MP: 26/26
 27897 | D:14     | Found a large runed translucent door.
 27898 | D:14     | Found a large runed translucent door.
 27925 | D:14     | Noticed Arthanis's ghost (journeyman GrBe)
 28906 | D:15     | Entered Level 15 of the Dungeon
 29145 | D:14     | Reached skill level 16 in Invocations
 29913 | D:15     | Found a shadowy altar of Dithmenos.
 31004 | D:15     | Found a staircase to the Depths.
 31100 | Orc:2    | Bought a broad axe for 132 gold pieces
 31195 | D:10     | Gained Syrus as an ally
 31260 | Snake:1  | Entered Level 1 of the Snake Pit
 32086 | Snake:1  | Found a runed translucent door.
 32731 | Snake:2  | Reached skill level 17 in Invocations
 32930 | Snake:2  | Reached XP level 16. HP: 144/144 MP: 28/28
 33109 | Snake:2  | Identified Roxanne's Incunabulum of Transmutation
 33109 | Snake:2  | Noticed Roxanne
 34619 | Snake:3  | Noticed Nikola
 34687 | Snake:3  | Killed Nikola
 34867 | Snake:3  | Noticed a nagaraja
 34879 | Snake:3  | Killed a nagaraja
 34902 | Snake:3  | Reached skill level 15 in Shields
 35242 | Snake:3  | Found Aggipsegg's Mayhem Merchandise.
 35386 | Snake:3  | Gained Ortolf as an ally
 35892 | Snake:3  | Noticed Louise
 35897 | Snake:3  | Killed Louise
 36506 | Snake:3  | Gained Agrik as an ally
 36843 | Snake:4  | Entered Level 4 of the Snake Pit
 37793 | Snake:4  | Identified the +5 trident of Callousness {flame, MR+ Str+3}
                  | (You found it on level 13 of the Dungeon)
 38200 | Snake:4  | Noticed Asterion
 38363 | Snake:3  | Killed Asterion
 39032 | Snake:4  | Noticed Saint Roka
 39037 | Snake:4  | Killed Saint Roka
 39037 | Snake:4  | Reached skill level 18 in Invocations
 39037 | Snake:4  | Reached XP level 17. HP: 150/150 MP: 28/30
 39891 | Snake:4  | Gained Wulfoc as an ally
 39915 | Snake:4  | Got a serpentine rune of Zot
 40755 | Shoals:1 | Entered Level 1 of the Shoals
 40775 | Shoals:1 | Noticed Frances
 40784 | Shoals:1 | Killed Frances
 42862 | Shoals:3 | Gained Korbok as an ally
 44031 | Shoals:4 | Entered Level 4 of the Shoals
 44425 | Shoals:4 | Identified the ring "Heotos" {rF+ Str-5 Int+4 Stlth+}
 44648 | Shoals:4 | Got a vibrating iron ring
 44649 | Shoals:4 | Identified the ring "Cayshol" {rF+ Dex+3} (You found it on
                  | level 4 of the Shoals)
 44705 | Shoals:4 | Reached skill level 15 in Fighting
 44723 | Shoals:4 | Got a barnacled rune of Zot
 44780 | Shoals:4 | Reached XP level 18. HP: 118/163 MP: 31/31
 45118 | Shoals:4 | Reached skill level 19 in Invocations
 46012 | Vaults:1 | Entered Level 1 of the Vaults
 46140 | Vaults:1 | Found Cufoaniwn's Weapon Shoppe.
 46682 | Vaults:1 | Noticed a lich
 46684 | Vaults:1 | Paralysed by a lich for 7 turns
 46692 | Vaults:1 | Killed a lich
 46692 | Vaults:1 | Gained Koronagh as an ally
 47036 | Vaults:1 | Found a runed translucent door.
 47036 | Vaults:1 | Noticed Anosyof's ghost (adept CeHu)
 47962 | Vaults:2 | Found Icvir's Assorted Antiques.
 47997 | Vaults:2 | Bought a box of beasts for 360 gold pieces
 47997 | Vaults:2 | Bought a scroll labeled UBEIXZ ASMA for 18 gold pieces
 47997 | Vaults:2 | Bought a scroll of identify for 36 gold pieces
 48143 | Vaults:2 | Paralysed by a sphinx for 7 turns
 48204 | Vaults:2 | Reached XP level 19. HP: 156/177 MP: 32/32
 48499 | Vaults:2 | Found a staircase to the Crypt.
 49222 | Vaults:3 | Noticed Sojobo
 49227 | Vaults:3 | Killed Sojobo
 49252 | Vaults:3 | Gained Norbak as an ally
 49446 | Vaults:3 | Reached skill level 20 in Invocations
 49567 | Vaults:3 | Your ally Norbak died
 49612 | Vaults:3 | Gained Orik as an ally
 49622 | Vaults:3 | Your ally Orik died
 49632 | Vaults:3 | Your ally Norbak died
 50083 | Vaults:3 | Paralysed by a hornet for 3 turns
 50083 | Vaults:3 | Gained Koronagh as an ally
 50084 | Vaults:3 | Noticed Margery
 50090 | Vaults:3 | Killed Margery
 50743 | Vaults:3 | Your ally Agrik died
 51718 | Vaults:3 | Reached XP level 20. HP: 179/189 MP: 34/34
 52241 | Vaults:4 | Gained Arkwar as an ally
 52263 | Vaults:4 | Noticed Frederick
 52263 | Vaults:4 | Gained Zartorak as an ally
 52267 | Vaults:4 | Killed Frederick
 52727 | Vaults:4 | Reached skill level 15 in Armour
 52892 | Vaults:4 | Noticed Mennas
 52904 | Vaults:4 | Killed Mennas
 53262 | Vaults:4 | Identified the Guide on the Captivating Snowflakes
 53552 | Vaults:4 | Reached skill level 21 in Invocations
 55416 | Depths:1 | Entered Level 1 of the Depths
 55985 | Depths:1 | Reached XP level 21. HP: 170/201 MP: 35/35
 56322 | Depths:1 | Reached skill level 5 in Dodging
 56542 | Depths:1 | Found a one-way gate leading to the halls of Pandemonium.
 56974 | Depths:1 | Found a gateway to Hell.
 57868 | Depths:2 | Found a one-way gate to the infinite horrors of the Abyss.
 57980 | Depths:2 | You fall through a shaft for 2 floors!
 57990 | Depths:3 | Noticed a juggernaut
 58159 | Depths:2 | Noticed a juggernaut
 58170 | Depths:2 | Killed a juggernaut
 58305 | Depths:2 | Got a crude bone ring
 58319 | Depths:2 | Identified the ring "Caurghy" {Str+3 Int+5 Slay+2} (You
                  | found it on level 2 of the Depths)
 58443 | Depths:2 | Found a gateway to a ziggurat.
 58493 | Depths:2 | Gained Oreg as an ally
 59733 | Depths:2 | Noticed a caustic shrike
 59738 | Depths:2 | Killed a caustic shrike
 60192 | Depths:2 | Killed a juggernaut
 60384 | Depths:2 | Reached XP level 22. HP: 54/209 MP: 36/36
 62797 | Depths:4 | Reached skill level 10 in Dodging
 63000 | Depths:4 | Noticed a golden dragon
 63015 | Depths:4 | Killed a golden dragon
 63283 | Depths:4 | Noticed a caustic shrike
 63289 | Depths:4 | Killed a caustic shrike
 63399 | Depths:4 | Identified the +2 chain mail "Jihetiph" {*Drain rElec rN+++
                  | MP-9} (You found it on level 4 of the Depths)
 63413 | Depths:4 | Gained Wardok as an ally
 63424 | Depths:4 | Found the ring of Shadows {Umbra +Inv Stlth+}
 64795 | Depths:4 | Found Noyblalu's Armour Boutique.
 65274 | Depths:4 | Gained Ugrim as an ally
 65568 | Depths:5 | Entered Level 5 of the Depths
 65960 | Depths:5 | Noticed a golden dragon
 65977 | Depths:5 | Killed a golden dragon
 66105 | Depths:5 | Reached XP level 23. HP: 216/216 MP: 37/37
 66554 | Depths:5 | Identified the ring of Moinel {rCorr rElec rN+ MR+} (You
                  | found it on level 5 of the Depths)
 67041 | Depths:5 | Noticed a golden dragon
 67055 | Depths:5 | Found a gate to the Realm of Zot.
 67063 | Depths:5 | Killed a golden dragon
 67511 | Vaults:5 | Entered Level 5 of the Vaults
 68684 | Vaults:5 | Gained Argrim as an ally
 68939 | Vaults:5 | Your ally Argrim died
 69284 | Vaults:5 | Gained Beowulf as an ally
 69288 | Vaults:5 | Gained Gorg as an ally
 69323 | Vaults:5 | Noticed an ancient lich
 69326 | Vaults:5 | Killed an ancient lich
 69366 | Vaults:5 | Reached XP level 24. HP: 196/226 MP: 37/37
 69398 | Vaults:5 | Reached skill level 22 in Invocations
 69637 | Vaults:5 | Identified the amulet of Jiena Esche {RegenMP rPois rC+
                  | Dex-4}
 69645 | Vaults:5 | Your ally Beowulf died
 69843 | Vaults:5 | Gained Bolgrim as an ally
 70200 | Vaults:5 | Your ally Bolgrim died
 70236 | Vaults:5 | Identified the +6 plate armour of Keybrogg {rN+ rCorr
                  | Int+2} (You found it on level 5 of the Vaults)
 70581 | Vaults:5 | Got a translucent bronze ring
 70582 | Vaults:5 | Identified the ring of Xefeps {Dex+2 Slay+6} (You found it
                  | on level 5 of the Vaults)
 70775 | Vaults:5 | Gained Warrok as an ally
 70997 | Vaults:5 | Got a silver rune of Zot
 71605 | Zot:1    | Entered Level 1 of the Realm of Zot
 73528 | Zot:1    | Gained Marbork as an ally
 74319 | Zot:2    | Reached XP level 25. HP: 194/235 MP: 35/38
 75341 | Zot:2    | Reached skill level 23 in Invocations
 76122 | Zot:3    | Gained Bogward as an ally
 76252 | Zot:3    | Noticed a Killer Klown
 76261 | Zot:3    | Your ally Bogward died
 76269 | Zot:3    | Reached skill level 15 in Dodging
 76277 | Zot:3    | Killed a Killer Klown
 77679 | Zot:4    | Identified the +8 war axe of Amorality {chaos, Fragile rF-
                  | rC+ Int+6} (You found it on level 4 of the Realm of Zot)
 77844 | Zot:4    | Reached XP level 26. HP: 197/247 MP: 38/38
 77851 | Zot:4    | Gained Bogfrid as an ally
 78423 | Zot:5    | Entered Level 5 of the Realm of Zot
 79302 | Zot:5    | Noticed a Killer Klown
 79523 | Zot:5    | Reached skill level 24 in Invocations
 79537 | Zot:5    | Noticed a shard shrike
 79537 | Zot:5    | a Killer Klown changed into a shard shrike
 79541 | Zot:5    | Killed a shard shrike
 79629 | Zot:5    | Noticed a Killer Klown
 79647 | Zot:5    | Killed a Killer Klown
 79696 | Zot:5    | Noticed an orb of fire
 79697 | Zot:5    | Gained mutation: Armour fits poorly on your strangely
                  | shaped body. [an orb of fire]
 79699 | Zot:5    | Gained mutation: You possess an exceptional clarity of
                  | mind. [an orb of fire]
 79700 | Zot:5    | Killed an orb of fire
 79755 | Zot:5    | Noticed an orb of fire
 79768 | Zot:5    | Killed an orb of fire
 79769 | Zot:5    | Noticed an orb of fire
 79774 | Zot:5    | Noticed an orb of fire
 79774 | Zot:5    | Gained mutation: Scrolls take you a little longer to read.
                  | [an orb of fire]
 79786 | Zot:5    | Killed an orb of fire
 79789 | Zot:5    | Killed an orb of fire
 80778 | Zot:5    | Reached XP level 27. HP: 213/258 MP: 39/39
 81101 | Zot:5    | Noticed an orb of fire
 81105 | Zot:5    | Gained mutation: You occasionally shout uncontrollably at
                  | your foes. [an orb of fire]
 81106 | Zot:5    | Killed an orb of fire
 81116 | Zot:5    | Noticed an orb of fire
 81122 | Zot:5    | Killed an orb of fire
 81133 | Zot:5    | Noticed an orb of fire
 81146 | Zot:5    | Gained mutation: You are weak. (Str -2) [an orb of fire]
 81155 | Zot:5    | Killed an orb of fire
 81160 | Zot:5    | Noticed an orb of fire
 81171 | Zot:5    | Gained mutation: Potions are less effective at restoring
                  | your health. [an orb of fire]
 81178 | Zot:5    | Killed an orb of fire
 81208 | Zot:5    | Noticed an orb of fire
 81430 | Zot:5    | Killed an orb of fire
 81474 | Zot:4    | Lost mutation: You are weak. (Str -2) [potion of mutation]
 81474 | Zot:4    | Lost mutation: Scrolls take you a little longer to read.
                  | [potion of mutation]
 81474 | Zot:4    | Lost mutation: Potions are less effective at restoring your
                  | health. [potion of mutation]
 81474 | Zot:4    | Gained mutation: You are agile. (Dex +2) [potion of
                  | mutation]
 81474 | Zot:4    | Gained mutation: You expend magic power (3 MP) to
                  | strengthen your wands. [potion of mutation]
 82573 | Zot:5    | Got the Orb of Zot
 82745 | Depths:5 | Noticed Rafezoal the pandemonium lord
 82754 | Depths:5 | Killed Rafezoal the pandemonium lord
 82900 | Depths:1 | Gained mutation: Scrolls take you a little longer to read.
                  | [a cacodemon]
 82958 | D:12     | Noticed Cisasesi the pandemonium lord
 82965 | D:12     | Killed Cisasesi the pandemonium lord
 82965 | D:12     | Reached skill level 25 in Invocations
 83109 | D:5      | Noticed Koise Zoll the pandemonium lord
 83131 | D:5      | Killed Koise Zoll the pandemonium lord
 83211 | D:1      | Identified the +3 large shield of Qeocsod {Int-4 Dex+6}
 83212 | D:$      | Escaped with the Orb!

Skill      XL: |  1  2  3  4  5  6  7  8  9 10 11 12 13 14 15 16 17 18 19 20 21 22 23 24 25 26 27 |
---------------+----------------------------------------------------------------------------------+-----
Fighting       | 1 2 3 7 9 11 12 13 15 17 18 20 21 22 23 | 23.6
Dodging        | 2 3 4 8 11 12 14 15 16 17 | 17.8
Axes           | 1 4 5 8 11 13 15 16 18 | 18.0
Shields        | 1 2 4 5 7 8 10 11 12 13 14 16 17 18 19 20 | 20.9
Invocations    | 2 6 8 10 13 15 17 18 19 20 21 22 23 24 25 | 25.0
Armour         | 3 6 8 10 11 12 13 14 15 16 17 18 19 20 21 | 21.1
Stealth        | |  1.5
Spellcasting   | |  1.5
Conjurations   | |  4.0

Action                   |  1- 3 |  4- 6 |  7- 9 | 10-12 | 13-15 | 16-18 | 19-21 | 22-24 | 25-27 || total
-------------------------+-------+-------+-------+-------+-------+-------+-------+-------+-------++-------
Melee: Dagger            |    52 |   175 |    53 |       |       |       |       |       |       ||   280
       Whip              |     3 |       |       |       |       |       |       |       |       ||     3
       Hand axe          |       |    18 |   241 |       |       |       |       |       |       ||   259
       War axe           |       |       |   201 |   591 |   953 |       |       |       |       ||  1745
       Broad axe         |       |       |       |       |   131 |  1094 |  1114 |  1127 |  1186 ||  4652
Throw: Tomahawk          |       |       |    13 |     9 |     1 |       |       |       |       ||    23
 Cast: Magic Dart        |    44 |    19 |       |       |       |       |       |       |       ||    63
Invok: Convert to Beogh  |       |     1 |       |       |       |       |       |       |       ||     1
       Smiting           |       |       |       |    13 |    17 |    12 |    27 |    43 |    35 ||   147
       Give Item to Name |       |       |       |       |     5 |     4 |     4 |     5 |     2 ||    20
       Recall Orcish Fol |       |       |       |       |     1 |     6 |     7 |     4 |     7 ||    25
       Stop Recall       |       |       |       |       |     1 |     5 |     4 |     2 |     2 ||    14
       Resurrection      |       |       |       |       |       |       |     1 |       |       ||     1
Evoke: Wand              |       |     1 |    11 |     8 |    12 |       |       |     4 |       ||    36
  Use: Scroll            |       |    10 |     6 |    12 |    14 |     8 |     6 |    21 |     7 ||    84
       Potion            |       |       |     7 |     1 |     6 |       |     1 |     2 |     7 ||    24
 Stab: Distracted        |       |       |       |     7 |    11 |    15 |    24 |    23 |     2 ||    82
       Paralysed         |       |       |       |     2 |     6 |       |       |       |       ||     8
       Confused          |       |       |       |       |     1 |       |       |       |       ||     1
  Eat: Chunk             |     4 |     8 |    11 |    24 |    38 |    21 |    26 |    27 |    14 ||   173
       Ration            |       |       |     2 |     1 |     3 |     8 |     4 |     5 |     6 ||    29
Armor: Scale mail        |    20 |    65 |       |       |       |       |       |       |       ||    85
       Robe              |     1 |       |       |       |       |       |       |       |       ||     1
       Chain mail        |       |       |   198 |   206 |   177 |       |       |       |       ||   581
       Skin              |       |       |    13 |       |       |       |       |       |       ||    13
       Plate armour      |       |       |       |       |   211 |   170 |       |       |       ||   381
       Crystal plate arm |       |       |       |       |       |   156 |   259 |    50 |       ||   465
       Gold dragon scale |       |       |       |       |       |       |       |   458 |   489 ||   947
Dodge: Dodged            |    25 |    80 |    97 |    81 |   122 |   128 |   122 |   276 |   245 ||  1176
Block: Buckler           |       |    16 |    32 |       |       |       |       |       |       ||    48
       Shield            |       |       |   105 |   240 |       |       |       |       |       ||   345
       Large shield      |       |       |       |    16 |  1065 |  1048 |   901 |  1346 |  1131 ||  5507
       Reflection        |       |       |       |       |    55 |    71 |    71 |    81 |     7 ||   285
